 Dungeon Crawl Stone Soup version 0.16-a0-3272-g378764d (webtiles) character file.

14805 MrGrieves the Severer (level 11, -16/114 HPs)
             Began as a Minotaur Gladiator on Aug 6, 2015.
             Was an Elder of Wulndraste.
             Demolished by an orc knight
             ... wielding a +0 great sword
              (18 damage)
             ... on level 4 of the Orcish Mines.
             The game lasted 01:05:45 (12366 turns).

MrGrieves the Severer (Minotaur Gladiator)         Turns: 12366, Time: 01:05:45

Health: -16/114    AC: 17    Str: 22      XL:     11   Next: 93%
Magic:  7/12       EV: 12    Int:  4 (5)  God:    Wulndraste [****..]
Gold:   914        SH:  0    Dex: 15      Spells: 0 memorised, 10 levels left

rFire  . . .     SeeInvis .     a - +2 war axe (elec)
rCold  + . .     Clarity  +     v - +0 scale mail
rNeg   + . .     SustAb   +     (no shield)
rPois  .         Gourm    .     c - +0 hat
rElec  .         Spirit   .     g - +0 cloak (curse)
rCorr  .         Warding  +     W - +1 pair of gloves
rMut   .         Stasis   .     (no boots)
MR     .....                    F - amulet of warding
Stlth  ..........               u - ring of sustain abilities
                                S - +4 ring of dexterity

@: exhausted, very slightly contaminated, hasted and slowed, not resistant to
hostile enchantments, extremely unstealthy
A: retaliatory headbutt, hooves 1, horns 2, rough black scales 1, breathe flames
1, clarity, cold resistance 1, deterioration 2, sense surroundings 1, screaming
1
a: Blend In, Change of Scenery, Renounce Religion, Breathe Fire


You were on level 4 of the Orcish Mines.
You worshipped Wulndraste.
Wulndraste was greatly pleased with you.
You were full.

You visited 3 branches of the dungeon, and saw 15 of its levels.

You collected 1426 gold pieces.
You spent 512 gold pieces at shops.

Inventory:

Hand weapons
 a - a +2 war axe of electrocution (weapon)
 b - a +2 flail of draining
 i - a +0 blowgun
Missiles
 d - 4 throwing nets
 n - 2 javelins
 r - 24 poisoned needles
 s - 2 steel tomahawks (quivered)
Armour
 c - a +0 hat (worn)
 g - a cursed +0 cloak (worn)
 v - a +0 scale mail (worn)
 W - a +1 pair of gloves (worn)
Jewellery
 u - a ring of sustain abilities (right hand)
 y - an uncursed ring of teleportation
 A - an uncursed amulet of regeneration
 F - an amulet of warding (around neck)
 S - a +4 ring of dexterity (left hand)
Magical devices
 k - a wand of digging (6)
 m - a wand of flame (38)
 I - a wand of frost (42)
 L - a wand of lightning (3)
 P - a wand of draining (0)
 T - a wand of frost (24)
Scrolls
 p - 2 scrolls of identify
 q - 4 scrolls of teleportation
 G - 2 scrolls of amnesia
 J - 5 scrolls of remove curse
Potions
 e - a potion of resistance
 x - 3 potions of brilliance
 H - a potion of lignification
 K - a potion of cancellation
 U - a potion of magic
Books
 o - a book of the Warp

   Spells                             Type                      Level
   a - Recall                         Summoning/Translocation      3
   b - Control Teleport               Charms/Translocation         4
   c - Force Lance                    Conjuration/Translocation    4
   d - Phase Shift                    Translocation                5
   e - Warp Weapon                    Charms/Translocation         5
   f - Summon Forest                  Summoning/Translocation      5
   g - Gell's Gravitas                Hexes/Translocation          6
 t - a book of Minor Magic

   Spells                             Type                      Level
   a - Magic Dart                     Conjuration                  1
   b - Blink                          Translocation                2
   c - Call Imp                       Summoning                    2
   d - Repel Missiles                 Charms/Air                   2
   e - Slow                           Hexes                        2
   f - Conjure Flame                  Conjuration/Fire             3
   g - Mephitic Cloud                 Conjuration/Poison/Air       3
Comestibles
 f - 10 bread rations
 h - 8 chunks of flesh
 B - 4 meat rations


   Skills:
 + Level 8.6 Fighting
 - Level 15.9(16.4) Axes
 - Level 7.4(12.7) Maces & Flails
 - Level 2.0 Throwing
 - Level 11.1 Armour
 - Level 3.2 Dodging
 * Level 3.3 Invocations


You had 10 spell levels left.
You didn't know any spells.

Dungeon Overview and Level Annotations

Branches:
Dungeon (10/15)            Temple (1/1) D:6             Orc (4/4) D:10
    Elf (0/3) Orc:4
   Lair: D:8-11

Altars:
Cheibriados
Elyvilon
Fedhas
Gozag
Kikubaaqudgha
Qazlal
Ru
Sif Muna
Trog
Vehumet Wulndraste
Yredelemnul
The Shining One
Beogh

Shops:
D:7 !   Orc:2 =

Portals:
Trove: D:10 (show abyssal rune of Zot)


Innate Abilities, Weirdness & Mutations

You reflexively headbutt those who attack you in melee.
You have a pair of horns on your head.
You have large cloven feet.
You are partially covered in rough black scales (AC +4, Dex -1).
You can breathe flames.
You possess an exceptional clarity of mind.
Your flesh is cold resistant.
Your body is deteriorating.
You passively map a small area around you.
You occasionally shout uncontrollably at your foes.


Message History

The orc knight roars a battlecry!
The orc goes into a battle-frenzy!
The orc knight hits you but does no damage.
The orc warrior barely misses you. The orc misses you. You furiously retaliate!
You headbutt the orc!
You kill the orc!
Drink which item? (? for menu, Esc to quit)
Okay, then.
Drink which item? (? for menu, Esc to quit)
You feel better. The orc knight misses you. The orc barely misses you.
You furiously retaliate!
You headbutt the orc.
You kill the orc!
The orc knight hits you with a broad axe!
* * * LOW HITPOINT WARNING * * *
An orc warrior comes into view. It is wielding a halberd.
You shout at the orc warrior!
The orc warrior hits you with a battleaxe.
* * * LOW HITPOINT WARNING * * *
The orc knight hits you with a great sword!!
You die...

..#.....# #..# ## ,
........# #..# _..#
........# , #..# ... * *
........#. #..# ...* .
.....#..#.. #..###'###.#
.#..#...# #'##..........#
.#..........o...)o...⌠..#
* , ..#.....#
#.oo.......#* *
........#, #))@o........
, ........#, ,
#))###.###.#** ........#
, #(.# *.#
........######))###.## ,
.#.....................
..)..........(........ ,,
.......############### **
.........## ..........#


You could see 3 orc knights and 2 orc warriors.

Vanquished Creatures
  An ettin (Orc:1)
  Snorg (Orc:1)
  The ghost of MrGrieves the Blocker, an experienced FoFi (D:8)
  Erolcha (Orc:1)
  A hill giant (D:10)
  3 orc knights
  Joseph (D:9)
  A troll (Orc:3)
  Prince Ribbit (D:8)
  2 two-headed ogres
  2 hungry ghosts (D:10)
  Eustachio (D:9)
  A human (D:7)
  A deep elf mage (D:10)
  A hog (D:7)
  5 wargs
  Edmund (D:7)
  A water moccasin (D:9)
  2 black bears
  2 sky beasts
  A necrophage (D:7)
  20 orc warriors
  6 ogres
  3 phantoms
  A centaur (D:8)
  3 giant frogs
  3 scorpions
  2 water moccasin skeletons
  11 killer bees
  8 wights
  6 crimson imps
  3 giant frog zombies
  4 jellies
  2 goliath beetles (D:6)
  Crazy Yiuf (D:2)
  2 iguanas (D:9)
  10 orc priests
  4 hounds
  3 centaur skeletons
  An iron imp (D:9)
  3 worker ants
  30 orc wizards
  3 sheep (D:7)
  A hound skeleton (D:4)
  Terence (D:3)
  A mummy (D:9)
  8 adders
  4 gnolls (D:2)
  3 shadow imps
  2 worms
  A giant mite (D:2)
  An ufetubus (D:9)
  2 adder skeletons
  3 adder zombies
  6 giant geckos
  An ooze (D:5)
  141 orcs
  3 bat skeletons
  5 giant cockroaches
  33 goblins
  22 hobgoblins
  8 jackals
  23 kobolds
  7 quokkas
  2 ball pythons
  26 bats
  2 giant gecko skeletons
  3 giant newts
  3 goblin skeletons (D:9)
  A kobold skeleton (D:9)
  A kobold zombie (D:9)
  An orc skeleton (D:9)
  2 orc zombies (D:9)
  18 rats
495 creatures vanquished.

Notes
Turn   | Place    | Note
--------------------------------------------------------------
     0 | D:1      | MrGrieves, the Minotaur Gladiator, began the quest for the Orb.
     0 | D:1      | Reached XP level 1. HP: 18/18 MP: 1/1
    52 | D:1      | Reached skill level 4 in Axes
    57 | D:1      | Reached XP level 2. HP: 12/25 MP: 1/1
   429 | D:1      | Reached XP level 3. HP: 29/31 MP: 2/2
   760 | D:2      | Reached skill level 5 in Axes
   860 | D:2      | Reached XP level 4. HP: 31/38 MP: 2/2
  1076 | D:2      | Reached skill level 6 in Axes
  1157 | D:2      | Found an ancient bone altar of Kikubaaqudgha.
  1432 | D:2      | Noticed Crazy Yiuf
  1437 | D:2      | Killed Crazy Yiuf
  1437 | D:2      | Reached XP level 5. HP: 39/46 MP: 2/2
  1719 | D:3      | Found a blossoming altar of Fedhas.
  1719 | D:3      | Noticed Terence
  1731 | D:3      | Killed Terence
  2708 | D:4      | Found a sacrificial altar of Ru.
  3059 | D:4      | Reached skill level 1 in Armour
  3166 | D:4      | Reached skill level 7 in Axes
  3227 | D:4      | Reached XP level 6. HP: 42/52 MP: 3/3
  3595 | D:5      | Entered Level 5 of the Dungeon
  3698 | D:5      | Reached skill level 8 in Axes
  3873 | D:5      | Reached XP level 7. HP: 39/59 MP: 3/3
  3877 | D:5      | Gained mutation: You have large cloven feet. [mutagenic meat]
  3878 | D:5      | Gained mutation: Your body is slowly deteriorating. [mutagenic meat]
  3879 | D:5      | Gained mutation: You can breathe flames. [mutagenic meat]
  4322 | D:5      | Reached skill level 9 in Axes
  4781 | D:6      | Found a snail-covered altar of Cheibriados.
  4781 | D:6      | Found a bloodstained altar of Trog.
  4785 | D:6      | Found an opulent altar of Gozag.
  4786 | D:6      | Found a basalt altar of Yredelemnul.
  4787 | D:6      | Found a white marble altar of Elyvilon.
  4800 | D:6      | Found a staircase to the Ecumenical Temple.
  4851 | Temple   | Entered the Ecumenical Temple
  4860 | Temple   | Became a worshipper of Wulndraste the Wayfarer
  5114 | D:6      | Reached skill level 5 in Armour
  5114 | D:6      | Reached XP level 8. HP: 66/66 MP: 3/3
  5261 | D:6      | Reached skill level 10 in Axes
  5868 | D:7      | Found a blossoming altar of Fedhas.
  6083 | D:7      | Acquired Wulndraste's first power
  6171 | D:7      | Reached skill level 5 in Fighting
  6175 | D:7      | Reached skill level 11 in Axes
  6450 | D:7      | Noticed Edmund
  6455 | D:7      | Reached XP level 9. HP: 76/81 MP: 4/4
  6468 | D:7      | Killed Edmund
  6468 | D:7      | Reached skill level 12 in Axes
  6556 | D:7      | Found a deep blue altar of Sif Muna.
  6581 | D:7      | Found Wipixkal's Distillery.
  6586 | D:7      | Bought a potion of heal wounds for 55 gold pieces
  6586 | D:7      | Bought 2 potions of haste for 220 gold pieces
  6586 | D:7      | Bought a potion of mutation for 27 gold pieces
  6586 | D:7      | Gained mutation: You passively map a small area around you. [potion of mutation]
  6586 | D:7      | Gained mutation: You possess an exceptional clarity of mind. [potion of mutation]
  6826 | D:7      | Reached skill level 1 in Maces & Flails
  7040 | D:8      | Noticed MrGrieves' ghost (experienced FoFi)
  7050 | D:8      | Killed MrGrieves' ghost
  7094 | D:8      | Reached skill level 5 in Maces & Flails
  7180 | D:8      | Gained mutation: You are clumsy. (Dex -2) [potion of mutation]
  7180 | D:8      | Lost mutation: You are clumsy. (Dex -2) [potion of mutation]
  7180 | D:8      | Gained mutation: Your flesh is cold resistant. [potion of mutation]
  7181 | D:8      | Gained mutation: You occasionally shout uncontrollably at your foes. [potion of mutation]
  7181 | D:8      | Gained mutation: You are partially covered in rough black scales (AC +4, Dex -1). [potion of mutation]
  7181 | D:8      | Gained mutation: Your body is deteriorating. [potion of mutation]
  7230 | D:8      | Noticed Prince Ribbit
  7252 | D:8      | Killed Prince Ribbit
  7548 | D:8      | Found a radiant altar of Vehumet.
  7738 | D:8      | Reached XP level 10. HP: 76/89 MP: 4/4
  8263 | D:9      | Noticed Eustachio
  8285 | D:9      | Killed Eustachio
  8383 | D:9      | Noticed Joseph
  8400 | D:9      | Killed Joseph
  8604 | D:9      | Reached skill level 13 in Axes
  8670 | D:9      | Found a glowing golden altar of the Shining One.
  8689 | D:9      | Acquired Wulndraste's second power
  8825 | D:9      | Reached skill level 10 in Armour
  9270 | D:10     | Entered Level 10 of the Dungeon
  9373 | D:10     | Found a portal to a secret trove of treasure.
  9440 | D:10     | Noticed a hill giant
  9447 | D:10     | Killed a hill giant
  9542 | D:10     | Reached skill level 14 in Axes
  9645 | D:10     | Found a staircase to the Orcish Mines.
  9736 | D:10     | Lost intelligence.
  9935 | D:10     | Reached XP level 11. HP: 93/96 MP: 4/4
 10301 | Orc:1    | Entered Level 1 of the Orcish Mines
 10313 | Orc:1    | Found a roughly hewn altar of Beogh.
 10344 | Orc:1    | Noticed an ettin
 10357 | Orc:1    | Killed an ettin
 10569 | Orc:1    | Acquired Wulndraste's third power
 10660 | Orc:1    | Found a bloodstained altar of Trog.
 10678 | Orc:1    | Noticed Erolcha
 10679 | Orc:1    | Noticed Snorg
 10691 | Orc:1    | Killed Snorg
 10691 | Orc:1    | Reached skill level 15 in Axes
 10692 | Orc:1    | Killed Erolcha
 10988 | Orc:2    | Found Vopuban's Jewellery Shop.
 11010 | Orc:2    | Bought an uncursed ring of sustain abilities for 210 gold pieces
 11929 | Orc:3    | Found a roughly hewn altar of Beogh.
 12112 | Orc:4    | Entered Level 4 of the Orcish Mines
 12119 | Orc:4    | Found a staircase to the Elven Halls.
 12163 | Orc:4    | Acquired Wulndraste's fourth power
 12331 | Orc:4    | Reached skill level 1 in Invocations
 12363 | Orc:4    | HP: 4/114 [orc/hand axe (6)]
 12366 | Orc:4    | Demolished by an orc knight

Action                   |  1- 3 |  4- 6 |  7- 9 | 10-12 || total
-------------------------+-------+-------+-------+-------++-------
Melee: War axe           |    64 |   189 |   191 |   443 ||   887
       Morningstar       |       |       |     8 |       ||     8
       Flail             |       |       |    88 |       ||    88
Throw: Throwing net      |       |     2 |       |     1 ||     3
       Tomahawk          |       |       |       |     3 ||     3
       Javelin           |       |       |       |     2 ||     2
Evoke: Wand              |       |       |     4 |     5 ||     9
  Use: Scroll            |     2 |    10 |    15 |     4 ||    31
       Potion            |       |       |     6 |    13 ||    19
 Stab: Paralysed         |       |     4 |       |       ||     4
       Invisible         |       |     1 |       |       ||     1
       Confused          |       |       |       |     1 ||     1
  Eat: Chunk             |       |     8 |    12 |     3 ||    23
       Beef jerky        |       |     1 |       |     4 ||     5
       Meat ration       |       |       |     1 |       ||     1
       Fruit             |       |       |       |     8 ||     8
       Pizza             |       |       |       |     7 ||     7
